AoeStats
← dix.

Fortress

509718067Analyzed
3v3 RM · 4d ago on Sep 27, 2026· 39m 48s· 6 players
Game mode
Random Map
Map size
Large (8 player)
Population
200
Speed
Normal
Resources
Standard
Victory
Conquest
Starting age
Dark Age
Ending age
Imperial Age
RankedLock teamsTeams togetherTeam positionsShared explorationLock speedFull tech treeHidden civsTurbo modeCheats
Victory
Defeat
🇷🇺 Burgundians · Russia
900
+11
🇰🇿 Bohemians · Kazakhstan
839
+13
🇷🇺 Franks · Russia
754
+17
🇷🇺 Cumans · Russia
786
-14
🇰🇿 Britons · Kazakhstan
786
-14
🇷🇺 Shu · Russia
771
-13
pohuito ergo sum
1:44 Loom
3:40 Double-Bit Axe
3:44 Horse Collar
9:48 Feudal Age
9:02 Gold Mining
14:01 Castle Age
12:36 Bow Saw
16:25 Two-Man Saw
16:40 Husbandry
17:57 Wheelbarrow
21:18 Hand Cart
21:21 Town Watch
28:42 Imperial Age
28:28 Town Patrol
29:28 Forging
29:23 Scale Barding Armor
29:59 Gold Shaft Mining
29:14 Stone Mining
31:50 Sappers
32:44 Conscription
31:46 Elite Coustillier
36:07 Caravan
37:08 Burgundian Vineyards
40:11 Iron Casting
39:57 Chain Barding Armor
39:41 Scale Mail Armor
39:32 Fletching
40:10 Ballistics
40:50 Chemistry
40:04 Masonry
39:54 Murder Holes
39:48 Arrowslits
dix.
3:11 Loom
8:11 Feudal Age
10:48 Wheelbarrow
10:04 Double-Bit Axe
10:12 Gold Mining
11:18 Scale Barding Armor
11:31 Forging
15:24 Castle Age
16:34 Hand Cart
18:18 Bow Saw
22:20 Gold Shaft Mining
25:33 Husbandry
26:04 Chain Barding Armor
26:25 Iron Casting
30:43 Imperial Age
28:49 Stone Mining
32:26 Plate Barding Armor
32:52 Blast Furnace
31:16 Cavalier
34:16 Chivalry
35:53 Paladin
37:05 Scale Mail Armor
37:57 Pikeman
38:37 Squires
39:10 Halberdier
Divine_Fury
8:34 Feudal Age
7:20 Loom
9:11 Horse Collar
14:39 Castle Age
13:07 Double-Bit Axe
15:29 Loom
17:10 Wheelbarrow
17:54 Bow Saw
18:28 Padded Archer Armor
20:01 Hand Cart
22:15 Town Watch
26:18 Imperial Age
26:29 Chemistry
25:49 Ballistics
26:50 Leather Archer Armor
26:27 Fletching
29:26 Fervor
29:20 Atonement
29:35 Redemption
29:50 Sanctity
32:22 Conscription
32:05 Houfnice
32:55 Siege Engineers
33:01 Masonry
32:47 Murder Holes
33:55 Town Patrol
35:24 Pikeman
36:07 Squires
36:03 Halberdier
39:59 Forging
39:50 Scale Mail Armor
frablai
0:52 Loom
7:00 Feudal Age
8:19 Wheelbarrow
9:23 Horse Collar
15:22 Castle Age
15:28 Double-Bit Axe
15:35 Gold Mining
15:38 Stone Mining
19:14 Hand Cart
20:43 Bow Saw
20:41 Heavy Plow
22:56 Fletching
23:07 Padded Archer Armor
28:51 Imperial Age
26:05 Elite Skirmisher
27:14 Ballistics
26:54 Crossbowman
29:14 Bodkin Arrow
29:35 Leather Archer Armor
35:26 Yeomen
35:33 Arbalester
35:57 Onager
fichart
0:35 Loom
8:50 Feudal Age
9:32 Town Watch
9:31 Horse Collar
9:38 Double-Bit Axe
14:29 Castle Age
14:56 Fletching
15:07 Padded Archer Armor
16:15 Wheelbarrow
15:49 Crossbowman
16:37 Thumb Ring
17:54 Leather Archer Armor
21:42 Hand Cart
21:47 Bow Saw
21:26 Gambesons
23:13 Gold Mining
23:14 Stone Mining
23:53 Forging
23:46 Scale Mail Armor
24:26 Pikeman
25:08 Squires
25:09 Bodkin Arrow
25:52 Arson
27:51 Fortified Wall
29:28 Gold Shaft Mining
28:58 Heavy Plow
31:11 Town Patrol
34:31 Imperial Age
33:30 Chain Mail Armor
34:57 Scale Barding Armor
36:08 Plate Mail Armor
35:41 Bracer
36:13 Ring Archer Armor
35:19 Halberdier
36:01 Arbalester
37:18 Conscription
37:54 Elite Skirmisher
39:01 Chain Barding Armor
38:05 Light Cavalry
38:47 Husbandry
39:18 Ballistics
38:56 Murder Holes
39:43 Coiled Serpent Array
drXsen
7:04 Feudal Age
17:43 Castle Age
17:35 Wheelbarrow
16:46 Town Watch
16:50 Loom
20:10 Double-Bit Axe
22:33 Town Patrol
26:40 Bloodlines
26:44 Horse Collar
28:45 Hand Cart
29:09 Murder Holes
29:49 Scale Barding Armor
32:10 Chain Barding Armor
32:01 Forging
31:38 Light Cavalry
34:56 Iron Casting
40:05 Imperial Age
40:08 Caravan
Connection lost

Rejoining the realm…

Still unreachable

The connection could not be restored.

Session expired

The server has moved on; the page needs a fresh start.